 Dungeon Crawl Stone Soup version 0.29.0-5-ge4962eb29e (webtiles) character file.

Game seed: 6423124066225120917

144 iguanaiguana the Chopper (level 5, -7/42 (47) HPs)
             Began as a Minotaur Fighter on Aug 30, 2022.
             Killed from afar by Dowan (17 damage)
             ... with a bolt of light
             ... on level 4 of the Dungeon.
             The game lasted 00:05:40 (708 turns).

iguanaiguana the Chopper (Minotaur Fighter)          Turns: 708, Time: 00:05:41

HP:   -7/42 (47)    AC:  8    Str: 27    XL:     5   Next: 5%
MP:   0/13          EV:  9    Int:  5    God:
Gold: 102           SH:  4    Dex:  9    Spells: 4/4 levels left

rFire   . . .      SeeInvis .   m - +2 hand axe (flame)
rCold   . . .      Faith    .   c - +0 buckler
rNeg    . . .      Spirit   +   b - +0 scale mail
rPois   .          Reflect  .   (helmet restricted)
rElec   +          Harm     .   (no cloak)
rCorr   .          Rampage  .   (no gloves)
Will    +....                   l - +0 pair of boots
Stlth   ..........              d - amulet "Biphiapy" {Spirit rElec Str+4}
HPRegen 0.14/turn               f - ring of willpower
MPRegen 0.13/turn               i - ring of magical power

@: heavily drained
A: horns 2, retaliatory headbutt
a: no special abilities


You were on level 4 of the Dungeon.
You visited 1 branch of the dungeon, and saw 4 of its levels.
You also visited: Sewer.

You collected 102 gold pieces.

Inventory:

Hand Weapons
 a - a +0 war axe
 m - a +2 hand axe of flaming (weapon)
Armour
 b - a +0 scale mail (worn)
 c - a +0 buckler (worn)
 l - a +0 pair of boots (worn)
Jewellery
 d - the amulet "Biphiapy" (around neck) {Spirit rElec Str+4}
   (You acquired it in a sewer)

   [amulet of guardian spirit]

   It causes incoming damage to be divided between your reserves of health and
   magic.
   Str:       It affects your strength (+4).
   rElec:     It insulates you from electricity.
 f - a ring of willpower (left hand)
 i - a ring of magical power (right hand)
Scrolls
 g - a scroll of fog
 k - a scroll of teleportation {unknown}
 p - a scroll of amnesia {unknown}
Potions
 e - a potion of curing {@q1}
 h - a potion of magic {unknown}
 j - a potion of attraction {unknown}
 n - a potion of resistance {unknown}
 o - a potion of berserk rage {unknown}


   Skills:
 - Level 4.4 Fighting
 + Level 4.5 Axes
 - Level 4.4 Armour
 - Level 4.4 Shields


You had 4 spell levels left.
You didn't know any spells.
Your spell library was empty.

Dungeon Overview and Level Annotations

Branches:
Dungeon (4/15) Zot: 23386   Sewer (visited)
 Temple: D:4-7

Altars:
Makhleb

Annotations:
D:4 Dowan


Innate Abilities, Weirdness & Mutations

You have a pair of horns on your head.
You reflexively headbutt those who attack you in melee.


Message History

You barely miss the adder. The adder bites you.
Duvessa gestures with her weapon.
Duvessa hits you with a +2 short sword of draining.
You feel drained.
You hit Duvessa but do no damage.
Duvessa is heavily wounded.
You hit the adder but do no damage.
Duvessa hits you with a +2 short sword of draining.
You feel drained.
You aren't carrying any items that you can evoke.
Okay, then.
You hit Duvessa but do no damage.
Duvessa is heavily wounded.
You hit the adder. You burn the adder.
Duvessa hits you with a +2 short sword of draining!
* * * LOW HITPOINT WARNING * * *
You feel drained.
* * * LOW HITPOINT WARNING * * *
You slash Duvessa! You burn Duvessa. You headbutt Duvessa, but do no damage.
Duvessa is severely wounded.
You hit the adder. You burn the adder.
You kill the adder!
Dowan casts a spell at you.
You have reached level 5!
You hit Duvessa. You burn Duvessa.
Duvessa is almost dead.
Dowan casts a spell at you. The puff of flame hits you!
* * * LOW HITPOINT WARNING * * *
Duvessa hits you with a +2 short sword of draining.
* * * LOW HITPOINT WARNING * * *
You feel drained.
You barely miss Duvessa.
Duvessa is almost dead.
You hit Duvessa. You burn Duvessa.
You kill Duvessa!
Dowan screams, "No!
Oh no!"
Dowan seems to find hidden reserves of power!
You hit Dowan. You burn Dowan.
Dowan zaps a wand.
The bolt of light hits you!!
You die...

#### ...##
### ....
#..# ##.##
#...##...#
#...#....###
#...<......#
#....@e....#
#..#.#)...##
#######...#
#....#
........
#.........
#.ยง.....##
...##....#
...## .####


You could see Dowan (fast).

Vanquished Creatures
  Duvessa (D:4)
  Pargi (Sewer)
  An adder (D:4)
  2 river rats (D:3)
  A bat (D:3)
  2 endoplasms (D:3)
  2 goblins (D:3)
  2 hobgoblins (D:3)
  3 jackals (D:3)
  A quokka (D:3)
  5 ball pythons
  A kobold (D:3)
  3 rats (D:3)
25 creatures vanquished.

Vanquished Creatures (others)
  7 plants (D:3)
7 creatures vanquished.

Grand Total: 32 creatures vanquished

Notes
Turn   | Place    | Note
-------+----------+-------------------------------------------
     0 | D:1      | iguanaiguana the Minotaur Fighter began the quest for the
                  | Orb.
     0 | D:1      | Reached XP level 1. HP: 19/19 MP: 0/0
   109 | D:2      | Found a burning altar of Makhleb.
   114 | D:3      | Found a glowing drain.
   124 | D:3      | Reached XP level 2. HP: 16/27 MP: 1/1
   141 | D:3      | Reached XP level 3. HP: 12/33 MP: 2/2
   331 | Sewer    | Entered a sewer
   354 | Sewer    | Noticed Pargi
   355 | Sewer    | Identified a scroll of acquirement
   355 | Sewer    | Acquired the amulet "Biphiapy" {Spirit rElec Str+4}
   365 | Sewer    | Killed Pargi
   366 | Sewer    | Reached XP level 4. HP: 8/41 MP: 3/3
   693 | D:4      | Noticed Dowan
   693 | D:4      | Noticed Duvessa
   706 | D:4      | Reached XP level 5. HP: 19/43 MP: 4/4
   708 | D:4      | Killed Duvessa
   708 | D:4      | Killed from afar by Dowan

Illustrated notes

Levels and vault maps discovered:
D:1:      minmay_arrival_widening_spiral_narrow, layout_basic
D:2:      layout_loops_ring, basic_altar, ebering_ecumenical_altar_box,
          uniq_natasha
D:3:      cheibrodos_old_hovel, layout_rooms, portal_sewer_entry_b
D:4:      layout_cave_pools, mainiacjoe_overflow_concentric_impassable,
          minmay_temple_entry_wispy, gammafunk_ghost_split, uniq_blork_the_orc,
          uniq_duvessa

Skill      XL: |  1  2  3 |
---------------+----------+-----
Axes           | 3 4 |  4.5
Shields        | 4 |  4.4
Armour         | 4 |  4.4
Fighting       | 4 |  4.4

Action                   |  1- 3 |  4- 6 || total
-------------------------+-------+-------++-------
Melee: War axe           |    28 |    11 ||    39
       Headbutt          |     3 |     7 ||    10
       Hand axe          |       |    10 ||    10
  Use: Potion            |     1 |     2 ||     3
       Scroll            |     3 |     1 ||     4
Armor: Scale mail        |    23 |    11 ||    34
Dodge: Dodged            |    19 |    10 ||    29
Block: Buckler           |     8 |     4 ||    12
